 Dungeon Crawl Stone Soup version 0.26.0-45-g9c1d065592 (webtiles) character file.

Game seed: 10822939028148571685

586677 jlumianski the Slayer (level 26, -10/243 HPs)
             Began as a Palentonga Fighter on Jan 26, 2021.
             Was the Champion of the Shining One.
             Killed from afar by an orb of fire (47 damage)
             ... with a bolt of fire
             ... on level 2 of the Realm of Zot on Jan 28, 2021.
             The game lasted 08:09:55 (88362 turns).

jlumianski the Slayer (Palentonga Fighter)         Turns: 88362, Time: 08:09:56

Health: -10/243    AC: 45    Str: 31    XL:     26   Next: 9%
Magic:  23/30      EV: 11    Int:  9    God:    the Shining One [******]
Gold:   2924       SH: 21    Dex: 19    Spells: 25/25 levels left

rFire    . . .     SeeInvis +   b - +7 broad axe (elec)
rCold    + . .     Faith    .   y - +2 kite shield "Qin Mon" {rC+ Dex+2}
rNeg     + + +     Spirit   .   E - +3 plate armour {Will+}
rPois    +         Reflect  +   D - +0 helmet of Gybaer Xoarch {Str+3 Dex+4}
rElec    +         Harm     .   R - +2 cloak of Resonance {rElec rPois}
rCorr    .         Rampage  .   s - +1 pair of gloves of the Snail {rElec}
Will     ++...     Clarity  +   S - +4 barding
Stlth    ..........             M - amulet of reflection
HPRegen  0.50/turn              C - ring of flight
MPRegen  0.22/turn              X - ring of the Death Scarab {rElec rN+ Slay+5 SInv}

@: glowing, curled up
A: large, rugged brown scales 3, see invisible, clarity, deformed body, frail 1,
low mp 2, roll 2, armoured tail, reflexive curl
}: 3/15 runes: barnacled, silver, gossamer
a: Rolling Charge, Renounce Religion, Evoke Flight, Divine Shield, Cleansing
Flame, Summon Divine Warrior


You were on level 2 of the Realm of Zot.
You worshipped the Shining One.
The Shining One was exalted by your worship.
You visited 12 branches of the dungeon, and saw 49 of its levels.
You also visited: Ossuary.

You collected 7252 gold pieces.
You spent 4328 gold pieces at shops.

Inventory:

Hand Weapons
 b - a +7 broad axe of electrocution (weapon)
 w - a +1 eveningstar of flaming
 O - a +8 broad axe of holy wrath
Missiles
 m - 5 throwing nets
 A - 14 boomerangs of dispersal
 L - 16 silver javelins
 Q - 80 boomerangs (quivered)
Armour
 s - the +1 pair of gloves of the Snail (worn) {rElec}
   (You bought it in a shop on level 2 of the Orcish Mines)

   It insulates you from electricity.
 y - the +2 kite shield "Qin Mon" (worn) {rC+ Dex+2}
   (You bought it in a shop on level 2 of the Orcish Mines)

   It affects your dexterity (+2).
   It protects you from cold.
 D - the +0 helmet of Gybaer Xoarch (worn) {Str+3 Dex+4}
   (You found it on level 4 of the Vaults)

   It affects your strength (+3).
   It affects your dexterity (+4).
 E - a +3 plate armour of willpower (worn)
 R - the +2 cloak of Resonance (worn) {rElec rPois}
   (You found it on level 5 of the Vaults)

   It insulates you from electricity.
   It protects you from poison.
 S - a +4 barding (worn)
Jewellery
 c - a +4 ring of protection
 h - an uncursed ring of protection from fire
 k - an uncursed ring of wizardry
 r - the amulet of Orcho {Spirit rPois Will+}
   (You found it on level 3 of the Lair of Beasts)

   [amulet of guardian spirit]

   It causes incoming damage to be split between your health and magic.
   It protects you from poison.
   It affects your willpower, your defense against some magical effects.
 C - a ring of flight (left hand)
 J - the ring "Erghusin" {rPois rC+++ Str+7 Dex-3}
   (You found it on level 4 of the Depths)

   [ring of poison resistance]

   It affects your strength (+7).
   It affects your dexterity (-3).
   It renders you almost immune to cold.
   It protects you from poison.
 M - an amulet of reflection (around neck)
 V - an uncursed ring of resist corrosion
 X - the ring of the Death Scarab (right hand) {rElec rN+ Slay+5 SInv}
   (You took it off an ironbrand convoker on level 5 of the Vaults)

   [ring of positive energy]

   It affects your accuracy and damage with ranged weapons and melee attacks
   (+5).
   It insulates you from electricity.
   It protects you from negative energy.
   It lets you see invisible.
Wands
 l - a wand of disintegration (15)
 x - a wand of digging (12)
 K - a wand of acid (37)
 P - a wand of iceblast (15)
Scrolls
 d - 13 scrolls of fog
 g - 2 scrolls of summoning
 i - 6 scrolls of remove curse
 j - 6 scrolls of fear
 o - 9 scrolls of identify
 t - 4 scrolls of blinking
 u - 12 scrolls of teleportation
 v - 2 scrolls of magic mapping
Potions
 e - a potion of brilliance
 f - 2 potions of berserk rage
 n - a potion of magic
 p - a potion of cancellation
 q - 19 potions of curing
 z - 7 potions of haste
 B - 11 potions of might
 F - 3 potions of resistance
 G - 5 potions of heal wounds
 H - 16 potions of ambrosia
Miscellaneous
 a - a phial of floods
 T - a tin of tremorstones (2/2)
 U - a lightning rod (4/4)


   Skills:
 + Level 23.4 Fighting
 + Level 3.5 Short Blades
 - Level 20.0 Axes
 + Level 3.6 Throwing
 + Level 17.0 Armour
 + Level 9.5 Dodging
 + Level 3.3 Stealth
 - Level 10.7 Shields
 * Level 21.3 Invocations
 * Level 12.0 Evocations


You had 25 spell levels left.
You didn't know any spells.
Your spell library contained the following spells:

 Spells                   Type           Power        Failure   Level
 Animate Skeleton         Necr           0%           88%         1
 Apportation              Tloc           0%           88%         1
 Beastly Appendage        Tmut           0%           88%         1
 Corona                   Hex            0%           88%         1
 Foxfire                  Conj/Fire      0%           88%         1
 Freeze                   Ice            0%           88%         1
 Magic Dart               Conj           0%           88%         1
 Pain                     Necr           0%           88%         1
 Sandblast                Erth           0%           88%         1
 Shock                    Conj/Air       0%           88%         1
 Sting                    Tmut/Pois      0%           88%         1
 Summon Small Mammal      Summ           0%           88%         1
 Blink                    Tloc           N/A          96%         2
 Call Imp                 Summ           0%           96%         2
 Corpse Rot               Necr/Air       N/A          96%         2
 Ensorcelled Hibernation  Hex/Ice        0%           96%         2
 Passwall                 Tmut/Erth      0%           96%         2
 Poisonous Vapours        Pois/Air       0%           96%         2
 Slow                     Hex            0%           96%         2
 Swiftness                Air            0%           96%         2
 Wereblood                Tmut           0%           96%         2
 Confusing Touch          Hex            0%           99%         3
 Conjure Flame            Conj/Fire      0%           99%         3
 Dazzling Flash           Conj/Hex       0%           99%         3
 Frozen Ramparts          Ice            0%           99%         3
 Gell's Gravitas          Tloc           0%           99%         3
 Ignite Poison            Fire/Tmut/Pois 0%           99%         3
 Inner Flame              Hex/Fire       0%           99%         3
 Lesser Beckoning         Tloc           0%           99%         3
 Mephitic Cloud           Conj/Pois/Air  0%           99%         3
 Ozocubu's Armour         Ice            0%           99%         3
 Spider Form              Tmut/Pois      0%           99%         3
 Static Discharge         Conj/Air       0%           99%         3
 Teleport Other           Tloc           0%           99%         3
 Tukima's Dance           Hex            0%           99%         3
 Vampiric Draining        Necr           0%           99%         3
 Animate Dead             Necr           0%           100%        4
 Dispel Undead            Necr           0%           100%        4
 Hailstorm                Conj/Ice       0%           100%        4
 Ice Form                 Ice/Tmut       0%           100%        4
 Olgreb's Toxic Radiance  Pois           0%           100%        4
 Passage of Golubria      Tloc           N/A          100%        4
 Petrify                  Tmut/Erth      0%           100%        4
 Sticky Flame             Conj/Fire      0%           100%        4
 Summon Ice Beast         Ice/Summ       0%           100%        4
 Summon Lightning Spire   Summ/Air       0%           100%        4
 Alistair's Intoxication  Tmut/Pois      0%           100%        5
 Blade Hands              Tmut           0%           100%        5
 Fireball                 Conj/Fire      0%           100%        5
 Lee's Rapid Deconstruct  Erth           0%           100%        5
 Lightning Bolt           Conj/Air       0%           100%        5
 Metabolic Englaciation   Hex/Ice        0%           100%        5
 Summon Demon             Summ           0%           100%        5
 Summon Forest            Summ/Tloc      0%           100%        5
 Summon Mana Viper        Hex/Summ       0%           100%        5
 Yara's Violent Unravell  Hex/Tmut       0%           100%        5
 Conjure Ball Lightning   Conj/Air       0%           100%        6
 Death Channel            Necr           0%           100%        6
 Eringya's Noxious Bog    Tmut/Pois      0%           100%        6
 Freezing Cloud           Conj/Ice/Air   0%           100%        6
 Invisibility             Hex            0%           100%        6
 Ozocubu's Refrigeration  Ice            0%           100%        6
 Shadow Creatures         Summ           N/A          100%        6
 Simulacrum               Ice/Necr       0%           100%        6
 Starburst                Conj/Fire      0%           100%        6
 Haunt                    Necr/Summ      0%           100%        7
 Summon Hydra             Summ           0%           100%        7
 Borgnjor's Revivificati  Necr           0%           100%        8
 Ignition                 Fire           0%           100%        8
 Infestation              Necr           0%           100%        8
 Necromutation            Tmut/Necr      0%           100%        8
 Death's Door             Necr           0%           100%        9
 Shatter                  Erth           0%           100%        9
 Tornado                  Air            0%           100%        9


Dungeon Overview and Level Annotations

Branches:
Dungeon (15/15)            Temple (1/1) D:5            Lair (6/6) D:8
 Shoals (4/4) Lair:3       Spider (4/4) Lair:3        Slime (0/5) Lair:6
    Orc (2/2) D:9             Elf (3/3) Orc:2        Vaults (5/5) D:13
  Crypt (1/3) Vaults:3     Depths (5/5) D:15           Hell (visited)
    Zot (2/5) Depths:5    Ossuary (visited)
    Dis: Hell:1         Geh: Hell:1         Coc: Hell:1         Tar: Hell:1

Altars:
Ashenzari
Cheibriados
Dithmenos
Elyvilon
Fedhas
Hepliaklqana
Kikubaaqudgha
Makhleb
Nemelex Xobeh
Okawaru
Qazlal
Ru
Sif Muna
Trog
Vehumet
Wu Jian
Yredelemnul
Zin
The Shining One
Beogh
Jiyva

Shops:
D:10 *}}   Orc:1 (   Orc:2 :[!(*   Elf:2 *   Elf:3 (*!   Shoals:4 [
Vaults:4 ?   Depths:4 ?

Portals:
Hell: Depths:1 Depths:2 Depths:3 Depths:4 Depths:5
Abyss: Depths:4
Pandemonium: Depths:3
Ziggurat: Depths:4
Trove: Depths:4 (give +2 gold dragon scales)

Annotations:
Hell Geryon, Murray


Innate Abilities, Weirdness & Mutations

You are completely covered in rugged brown scales. (AC +3, +7% HP)
You have supernaturally acute eyesight. (SInv)
Armour fits poorly on your strangely shaped body.
You can roll at foes to attack.
You have a long armoured tail.
You curl defensively after being hit.
You possess an exceptional clarity of mind.
You are frail. (-10% HP)
Your magical capacity is very low. (-20% MP)


Message History

The orb of fire glows red.
The fireball explodes!
The fireball engulfs you!!!
* * * LOW HITPOINT WARNING * * *
The fireball engulfs the orb of fire.
The orb of fire completely resists.
The fireball engulfs your daeva!!!
Your daeva dies!
You hit the orb of fire.
Your tail-slap misses the orb of fire.
The orb of fire is heavily damaged.
The orb of fire emits a lurid red light.
The bolt of fire misses you.
You hit the orb of fire.
The orb of fire is heavily damaged.
Your plate armour prevents you from hitting the orb of fire.
Your tail-slap misses the orb of fire.
The orb of fire is heavily damaged.
You slash the orb of fire!
Your tail-slap misses the orb of fire.
The orb of fire is heavily damaged.
The orb of fire emits a lurid red light.
The bolt of fire hits you!!!
You die...

..## #........##
....###.......####
.$?................
..................
###.......#######
##......###
##......##
##...X..##
#....@.## #....*.##
#......## ......#
...$.. ......
....$. #####


You could see an orb of fire and a tentacled monstrosity.

Vanquished Creatures
  2 orbs of fire (Zot:1)
  3 ancient liches (Vaults:4)
  Sojobo (Vaults:3)
  Bai Suzhen (Shoals:3)
  Saint Roka (Orc:1)
  Boris (Depths:5)
  A curse toe (Depths:5)
  Xtahua (Vaults:2)
  3 caustic shrikes (Depths:4)
  Nikola (Shoals:3)
  A caustic shrike (shapeshifter) (Depths:3)
  4 golden dragons
  Jory (Vaults:4)
  A bone dragon (Depths:5)
  Arachne (Spider:2)
  4 liches
  7 tentacled monstrosities
  3 titans
  3 quicksilver dragons
  2 deep elf master archers
  A sphinx (shapeshifter) (Depths:3)
  2 deep elf blademasters
  2 krakens
  4 sphinxes
  Agnes (D:14)
  4 tengu reavers
  Kirke (Spider:2)
  Polyphemus (Shoals:3)
  The ghost of Rod Caur the Severer, an adept HOFi of Beogh (Spider:1)
  7 storm dragons
  Ilsuiw (Shoals:3)
  A storm dragon (shapeshifter) (Depths:3)
  4 death cobs
  Donald (Shoals:2)
  7 shadow dragons
  6 ghost moths
  4 emperor scorpions
  15 vault wardens
  A draconian scorcher (Zot:1)
  2 draconian knights (Depths:5)
  6 fire giants
  12 frost giants
  2 iron dragons
  8 deep elf elementalists
  7 deep elf sorcerers
  Louise (Elf:1)
  An orc warlord (Orc:1)
  3 spriggan defenders
  A balrug (Hell)
  19 ironheart preservers
  A stone giant (shapeshifter) (Depths:3)
  7 war gargoyles
  20 very ugly things
  2 draconian annihilators
  A vampire knight (Depths:5)
  23 stone giants
  10 deep elf annihilators
  Nessos (D:12)
  2 green draconians
  2 lorocyprocas (Depths:1)
  5 deep elf demonologists
  3 black draconians
  3 red draconians
  2 yellow draconians
  An entropy weaver (Spider:2)
  3 purple draconians
  2 white draconians (Zot:1)
  3 spark wasps
  8 ettins
  12 deep elf death magi
  A blizzard demon (Depths:3)
  11 merfolk impalers
  5 crystal guardians
  Josephine (Spider:1)
  7 great orbs of eyes
  The ghost of XxsatanxX the Severer, a journeyman MiBe of Trog (Lair:2)
  11 fire dragons
  12 yaktaur captains
  9 deep elf high priests
  6 jiangshi
  3 rakshasas
  9 ice dragons
  35 vault guards
  8 hydras
  A great orb of eyes (shapeshifter) (Depths:3)
  11 boulder beetles
  A spriggan air mage (Depths:3)
  13 ogre magi
  2 catoblepae
  An alligator snapping turtle (Shoals:4)
  15 centaur warriors
  2 death knights (Vaults:4)
  An alligator snapping turtle (shapeshifter) (Depths:3)
  6 tengu warriors
  2 anacondas (shapeshifter)
  3 merfolk aquamancers
  49 two-headed ogres
  16 deep troll shamans
  3 hell hogs
  3 vampire magi
  53 dancing weapons
  9 deep troll earth magi
  A queen ant (shapeshifter) (Depths:3)
  6 spriggan berserkers
  8 death yaks
  A shock serpent (shapeshifter) (Vaults:4)
  4 orc high priests
  A spriggan (Depths:5)
  Urug (Lair:4)
  A soul eater (Hell)
  19 deep elf knights
  3 sun demons
  5 skeletal warriors
  11 sea snakes
  A fire crab (shapeshifter) (Depths:1)
  8 iron trolls
  50 deep trolls
  11 hell knights
  A shadow wraith (Vaults:1)
  12 glowing orange brains
  5 unseen horrors
  2 orange crystal statues
  15 deep elf archers
  7 wizards
  5 flayed ghosts
  17 ironbrand convokers
  7 phantasmal warriors
  5 lindwurms
  A golden dragon skeleton (Hell)
  59 deep elf magi
  3 obsidian statues (Depths:3)
  An orb spider (shapeshifter) (Depths:3)
  11 necromancers
  A harpy (shapeshifter) (Depths:1)
  26 wolf spiders
  9 orc knights
  14 manticores
  5 fauns
  5 orc sorcerers
  A mana viper (shapeshifter) (Vaults:4)
  14 orb spiders
  A wolf spider (shapeshifter) (Elf:2)
  17 harpies
  2 oklob plants (Lair:3)
  22 ugly things
  2 salamanders (shapeshifter)
  Maurice (D:8)
  6 cyclopes
  3 shining eyes (shapeshifter)
  4 moths of wrath (Zot:1)
  10 merfolk sirens
  A guardian serpent (shapeshifter) (Depths:2)
  6 water nymphs
  A frost giant skeleton (Hell)
  5 molten gargoyles (Depths:3)
  4 black mambas
  15 vault sentinels
  An eye of devastation (shapeshifter) (Vaults:4)
  8 elephants
  4 rust devils
  4 gargoyles
  A torpor snail (shapeshifter) (Elf:1)
  31 cane toads
  A komodo dragon (shapeshifter) (Depths:3)
  10 komodo dragons
  5 freezing wraiths
  49 yaktaurs
  2 yaktaurs (shapeshifter)
  A rime drake (shapeshifter) (Elf:1)
  2 rime drakes
  11 demonic crawlers
  2 kobold demonologists (D:11)
  31 merfolk
  10 trolls
  A wind drake (shapeshifter) (Vaults:2)
  3 meliai (shapeshifter)
  A tengu conjurer (D:14)
  A jumping spider (shapeshifter) (Depths:3)
  A troll (shapeshifter) (Vaults:3)
  25 jumping spiders
  9 hornets
  2 polar bears
  10 wind drakes
  A polar bear (shapeshifter) (Vaults:1)
  A queen bee (D:11)
  A hornet (shapeshifter) (Depths:1)
  4 tyrant leeches
  A hydra skeleton (Hell)
  18 slime creatures
  32 blink frogs
  2 raiju (shapeshifter)
  A dream sheep (shapeshifter) (Vaults:4)
  10 snapping turtles
  3 dream sheep (Shoals:1)
  A blink frog (shapeshifter) (Vaults:3)
  79 redbacks
  8 air elementals
  An alligator skeleton (Hell)
  25 tarantellas
  30 water elementals
  2 shadows (D:14)
  16 humans
  3 wyverns
  13 fire elementals
  27 yaks
  2 tarantellas (shapeshifter)
  7 wraiths
  5 hogs (Spider:2)
  A golden eye (shapeshifter) (Depths:3)
  A basilisk (Lair:6)
  10 vampire mosquitoes
  A steam dragon (Lair:2)
  3 large abominations (Elf:1)
  4 wargs
  5 acid dragons
  4 soldier ants
  15 water moccasins
  A soldier ant (shapeshifter) (D:15)
  4 sky beasts
  A black bear (D:12)
  10 ice beasts
  A sky beast (shapeshifter) (Depths:3)
  58 orc warriors
  5 necrophages
  35 ogres
  3 eyes of draining
  7 phantoms
  6 wolves
  A centaur (shapeshifter) (Depths:3)
  21 centaurs
  2 big kobolds
  22 bullfrogs
  2 elf zombies (Elf:1)
  A gnoll sergeant (D:10)
  8 earth elementals
  4 scorpions
  A wyvern skeleton (D:15)
  34 killer bees
  23 wights
  9 electric eels
  8 howler monkeys
  A howler monkey (shapeshifter) (Vaults:5)
  A crimson imp (Depths:1)
  4 bullfrog zombies
  A quasit (D:12)
  A yaktaur simulacrum (Vaults:1)
  4 centaur zombies
  2 iron imps (Depths:1)
  4 jellies
  11 orc priests
  5 hounds
  A human zombie (Ossuary)
  A bullfrog skeleton (D:12)
  4 centaur skeletons
  A gnoll shaman (D:7)
  21 orc wizards
  Crazy Yiuf (D:2)
  Natasha (thrice) (D:2)
  Terence (D:3)
  8 worker ants
  7 iguanas
  A hell rat (Hell)
  2 big kobold zombies (Ossuary)
  A hound zombie (D:6)
  7 mummies
  6 adders
  11 gnolls
  3 white imps
  An ufetubus (D:5)
  An ooze (D:4)
  2 adder skeletons
  3 worms
  A dart slug (D:4)
  5 leopard geckos
  113 orcs
  2 bats (D:2)
  9 giant cockroaches
  12 goblins
  9 hobgoblins
  14 jackals
  17 kobolds
  7 quokkas
  4 ball pythons
  6 frilled lizards
  2 gnoll zombies (Ossuary)
  A goblin zombie (Ossuary)
  A hobgoblin zombie (D:4)
  A kobold zombie (D:4)
  An orc zombie (Ossuary)
  3 quokka skeletons
  4 rats
  4 ball lightnings (Depths:3)
  A bush (Lair:6)
  4 crawling corpses
  8 tentacles
2225 creatures vanquished.

Vanquished Creatures (collateral kills)
  An ancient lich (Vaults:4)
  Mara (Vaults:4)
  Margery (Vaults:3)
  The ghost of HilariousDeathArtist the Champion of Chaos, an adept CeWn of Makhleb (Vaults:4)
  Rupert (Orc:1)
  A quicksilver dragon (Vaults:5)
  2 shadow dragons
  A storm dragon (Vaults:3)
  An emperor scorpion (Spider:4)
  A vault warden (Vaults:5)
  A black draconian (Zot:1)
  An entropy weaver (Vaults:2)
  A boulder beetle (Vaults:4)
  An ice dragon (D:15)
  2 hell knights (Vaults:3)
  An ironbrand convoker (Vaults:4)
  A deep elf mage (Vaults:4)
  2 manticores (Shoals:4)
  A meliai (shapeshifter) (Vaults:4)
  2 merfolk (Shoals:4)
  A hornet (Spider:4)
25 creatures vanquished.

Vanquished Creatures (others)
  Jorgrun (Shoals:3)
  An ironheart preserver (Vaults:4)
  A merfolk aquamancer (Shoals:4)
  An ironbrand convoker (Vaults:1)
  A deep elf mage (Elf:1)
  A merfolk siren (Shoals:3)
  A molten gargoyle (Depths:3)
  A snapping turtle (shapeshifter) (Depths:3)
  A tarantella (Spider:4)
  A water elemental (Hell)
  An orc (Orc:1)
  A kobold (D:11)
  5 ball lightnings (Depths:3)
  51 fungi
  265 plants
  11 tentacles
344 creatures vanquished.

Grand Total: 2594 creatures vanquished

Notes
Turn   | Place    | Note
-------+----------+-------------------------------------------
     0 | D:1      | jlumianski the Palentonga Fighter began the quest for the
                  | Orb.
     0 | D:1      | Reached XP level 1. HP: 20/20 MP: 1/1
   222 | D:1      | Reached XP level 2. HP: 27/27 MP: 2/2
   572 | D:2      | Reached XP level 3. HP: 19/33 MP: 3/3
  1275 | D:2      | Noticed Natasha
  1289 | D:2      | Killed Natasha
  1290 | D:2      | Reached XP level 4. HP: 28/42 MP: 4/4
  1558 | D:2      | Found a sparkling altar of Nemelex Xobeh.
  1583 | D:2      | Noticed Natasha
  1593 | D:2      | Killed Natasha
  1821 | D:2      | Reached XP level 5. HP: 49/49 MP: 5/5
  2050 | D:2      | Noticed Natasha
  2060 | D:2      | Killed Natasha
  2061 | D:2      | Reached skill level 4 in Fighting
  2133 | D:2      | Found a runed translucent door.
  2134 | D:2      | Noticed Crazy Yiuf
  2290 | D:2      | Killed Crazy Yiuf
  2299 | D:2      | HP: 2/49 [poisoned by Crazy Yiuf]
  2849 | D:3      | Noticed an ogre
  2864 | D:3      | Killed an ogre
  2865 | D:3      | Reached skill level 1 in Dodging
  2865 | D:3      | Reached XP level 6. HP: 15/55 MP: 6/6
  3133 | D:3      | Noticed Terence
  3135 | D:3      | Found a shadowy altar of Dithmenos.
  3140 | D:3      | Killed Terence
  3527 | D:4      | Found a sand-covered staircase.
  3534 | Ossuary  | Entered an ossuary
  3668 | Ossuary  | Gained mutation: You curl defensively after being hit.
                  | [Palentonga growth]
  3668 | Ossuary  | Reached XP level 7. HP: 53/63 MP: 7/7
  4008 | D:3      | Found a blossoming altar of Fedhas.
  4044 | D:3      | Found a stormy altar of Qazlal.
  4044 | D:3      | Found a broken altar of Ashenzari.
  4454 | D:4      | Reached skill level 5 in Axes
  4492 | D:5      | Entered Level 5 of the Dungeon
  4492 | D:5      | Noticed a hornet
  4495 | D:5      | Paralysed by a hornet for 3 turns
  4502 | D:5      | Killed a hornet
  4923 | D:5      | Reached XP level 8. HP: 71/71 MP: 8/8
  5157 | D:5      | Found a staircase to the Ecumenical Temple.
  5176 | Temple   | Entered the Ecumenical Temple
  5241 | Temple   | Became a worshipper of the Shining One
  5524 | D:5      | Reached skill level 5 in Fighting
  5910 | D:6      | Reached * piety under the Shining One
  5911 | D:6      | Reached XP level 9. HP: 30/79 MP: 9/9
  5944 | D:6      | Reached skill level 1 in Stealth
  6220 | D:6      | Found an ornate altar of the Wu Jian Council.
  6367 | D:6      | Found a burning altar of Makhleb.
  6390 | D:6      | Reached skill level 5 in Shields
  6567 | D:7      | Reached skill level 1 in Invocations
  6657 | D:7      | Reached skill level 5 in Armour
  6736 | D:7      | Reached ** piety under the Shining One
  7211 | D:8      | Reached skill level 6 in Fighting
  7464 | D:8      | Noticed Maurice
  7475 | D:8      | Killed Maurice
  7480 | D:8      | Reached XP level 10. HP: 70/88 MP: 12/12
  7681 | D:8      | Found a roughly hewn altar of Beogh.
  8373 | D:8      | Reached skill level 5 in Invocations
  8744 | D:9      | Reached skill level 10 in Axes
  8849 | D:8      | Found a staircase to the Lair.
  8928 | D:8      | Noticed a two-headed ogre
  8936 | D:8      | Killed a two-headed ogre
  9032 | D:9      | Reached XP level 11. HP: 97/97 MP: 15/15
  9062 | D:9      | Reached *** piety under the Shining One
  9076 | D:9      | Reached skill level 7 in Fighting
  9441 | D:9      | Reached **** piety under the Shining One
  9577 | D:9      | Found a staircase to the Orcish Mines.
  9726 | Lair:1   | Entered Level 1 of the Lair of Beasts
 10774 | D:10     | Entered Level 10 of the Dungeon
 10800 | D:10     | Found Bedweosch's Gadget Boutique.
 10898 | D:10     | Found Pimool's Gadget Emporium.
 10904 | D:10     | Noticed a brown ugly thing
 10915 | D:10     | Killed a brown ugly thing
 11096 | D:10     | Found Kiguig's General Store.
 11107 | D:10     | Bought a scroll of teleportation for 33 gold pieces
 11107 | D:10     | Bought a potion of heal wounds for 55 gold pieces
 11824 | D:10     | Noticed a two-headed ogre
 11832 | D:10     | Killed a two-headed ogre
 12694 | D:12     | Reached XP level 12. HP: 108/108 MP: 17/17
 12867 | D:12     | Reached ***** piety under the Shining One
 12945 | D:12     | Noticed a boulder beetle
 12969 | D:12     | Killed a boulder beetle
 12970 | D:12     | Reached skill level 8 in Fighting
 14744 | D:12     | Gained mutation: Your body sometimes deteriorates upon
                  | taking damage. [potion of mutation]
 14744 | D:12     | Gained mutation: You expend magic power (3 MP) to
                  | strengthen your wands. [potion of mutation]
 14744 | D:12     | Gained mutation: You have large cloven feet. [potion of
                  | mutation]
 14747 | D:12     | Lost mutation: Your body sometimes deteriorates upon taking
                  | damage. [potion of mutation]
 14747 | D:12     | Lost mutation: You expend magic power (3 MP) to strengthen
                  | your wands. [potion of mutation]
 14747 | D:12     | Lost mutation: You have large cloven feet. [potion of
                  | mutation]
 14747 | D:12     | Gained mutation: You possess an exceptional clarity of
                  | mind. [potion of mutation]
 14747 | D:12     | Gained mutation: You are frail. (-10% HP) [potion of
                  | mutation]
 14747 | D:12     | Gained mutation: You can roll at foes to attack. [potion of
                  | mutation]
 14853 | D:12     | Noticed Nessos
 14857 | D:12     | Killed Nessos
 14858 | D:12     | Reached skill level 5 in Dodging
 14869 | D:12     | Noticed a two-headed ogre
 14879 | D:12     | Killed a two-headed ogre
 15047 | D:12     | Found an iron altar of Okawaru.
 15589 | D:13     | Noticed a two-headed ogre
 15593 | D:13     | Killed a two-headed ogre
 15604 | D:13     | Noticed a centaur warrior
 15608 | D:13     | Killed a centaur warrior
 15749 | D:13     | Reached XP level 13. HP: 69/106 MP: 19/19
 15999 | D:13     | Reached skill level 9 in Fighting
 16178 | D:12     | Reached skill level 1 in Short Blades
 16774 | D:13     | Found a gate to the Vaults.
 17374 | D:14     | Identified a scroll of acquirement
 17375 | D:14     | Acquired a +3 broad axe of venom
 17624 | D:14     | Noticed a fire dragon
 17643 | D:14     | Killed a fire dragon
 18054 | D:14     | Noticed Agnes
 18070 | D:14     | Killed Agnes
 18071 | D:14     | Reached skill level 10 in Invocations
 18619 | D:14     | Reached XP level 14. HP: 40/115 MP: 21/21
 18645 | D:14     | Identified The Second Course in Sorcery
 19563 | D:15     | Entered Level 15 of the Dungeon
 20356 | D:14     | Reached skill level 1 in Throwing
 21066 | D:15     | Reached skill level 10 in Fighting
 21128 | D:15     | Reached skill level 10 in Shields
 21423 | D:15     | Found a staircase to the Depths.
 22643 | Lair:2   | Noticed XxsatanxX's ghost (journeyman MiBe)
 22647 | Lair:2   | Found a runed translucent door.
 22690 | Lair:2   | Killed XxsatanxX's ghost
 23532 | Lair:2   | Got a clouded pewter ring
 23543 | Lair:2   | Identified the ring of the Queen {*Tele Str+2} (You found
                  | it on level 2 of the Lair of Beasts)
 24419 | Lair:3   | Got a glittering ruby amulet
 24423 | Lair:3   | Identified the amulet of Orcho {Spirit rPois Will+} (You
                  | found it on level 3 of the Lair of Beasts)
 24892 | Lair:3   | Found a hole to the Spider Nest.
 24931 | Lair:3   | Found a staircase to the Shoals.
 25371 | Lair:3   | Reached XP level 15. HP: 119/124 MP: 21/23
 25616 | Lair:4   | You fall into a shaft and drop 2 floors!
 25616 | Lair:6   | Entered Level 6 of the Lair of Beasts
 25766 | Lair:5   | Noticed Urug
 26079 | Lair:3   | Upgraded the game from 0.26.0-41-g79a4fc7684 to
                  | 0.26.0-45-g9c1d065592
 27201 | Lair:4   | Killed Urug
 27845 | Lair:6   | Reached skill level 15 in Axes
 28856 | Lair:6   | Found a viscous altar of Jiyva.
 28857 | Lair:6   | Found a staircase to the Slime Pits.
 29046 | Lair:5   | Reached skill level 11 in Fighting
 29163 | Lair:6   | Reached ****** piety under the Shining One
 30245 | D:8      | Acquired a +2 broad axe of electrocution
 30315 | Orc:1    | Entered Level 1 of the Orcish Mines
 30523 | Orc:1    | Found a roughly hewn altar of Beogh.
 30681 | Orc:1    | Found Nuodi's Antique Weapon Shoppe.
 30887 | Orc:2    | Entered Level 2 of the Orcish Mines
 30887 | Orc:2    | Found Kedwen's Antique Weapon Emporium.
 31384 | Orc:2    | Paralysed by an orc sorcerer for 2 turns
 31434 | Orc:2    | Noticed Rupert
 31440 | Orc:2    | Paralysed by Rupert for 4 turns
 31454 | Orc:1    | Killed Rupert
 31764 | Orc:2    | Noticed Saint Roka
 32088 | Orc:1    | Killed Saint Roka
 32089 | Orc:1    | Reached XP level 16. HP: 68/133 MP: 4/25
 32373 | Orc:2    | Found Ykisut's Distillery.
 32385 | Orc:2    | Bought a potion of heal wounds for 50 gold pieces
 32497 | Orc:2    | Gained mutation: Your magical capacity is low. (-10% MP) [a
                  | neqoxec]
 32854 | Orc:2    | Bought a potion of mutation for 80 gold pieces
 32916 | Orc:2    | Found Axtull's Antique Armour Shoppe.
 32940 | Orc:2    | Found a staircase to the Elven Halls.
 32976 | Orc:2    | Found Ciegenn's Book Emporium.
 33109 | Orc:2    | Found Xuag's General Store.
 33117 | Orc:2    | Bought a scroll of enchant armour for 82 gold pieces
 33375 | Orc:2    | Bought a pair of glimmering gloves for 275 gold pieces
 33375 | Orc:2    | Bought a shimmering kite shield for 275 gold pieces
 33375 | Orc:2    | Identified the +1 pair of gloves of the Snail {rElec} (You
                  | bought it in a shop on level 2 of the Orcish Mines)
 33376 | Orc:2    | Identified the +2 kite shield "Qin Mon" {rC+ Dex+2} (You
                  | bought it in a shop on level 2 of the Orcish Mines)
 33434 | Orc:2    | Bought an encrusted battleaxe for 402 gold pieces
 33434 | Orc:2    | Identified the +5 battleaxe of Teotesiv {vorpal, +Blink
                  | +Rage Dex+4} (You bought it in a shop on level 2 of the
                  | Orcish Mines)
 34145 | Spider:1 | Entered Level 1 of the Spider Nest
 34219 | Spider:1 | Found a runed translucent door.
 34220 | Spider:1 | Noticed Rod Caur's ghost (adept HOFi)
 34248 | Spider:1 | Killed Rod Caur's ghost
 34355 | Spider:1 | Noticed Josephine
 34362 | Spider:1 | Killed Josephine
 34926 | Spider:2 | Noticed Arachne
 34943 | Spider:2 | Killed Arachne
 35291 | Spider:2 | Reached skill level 12 in Fighting
 35476 | Spider:2 | Found a runed translucent door.
 36025 | Spider:3 | Noticed Kirke
 36570 | Spider:2 | Noticed a sphinx
 36572 | Spider:2 | Killed Kirke
 36643 | Spider:2 | Reached skill level 10 in Armour
 37010 | Spider:3 | Reached XP level 17. HP: 143/143 MP: 24/24
 37671 | Spider:4 | Entered Level 4 of the Spider Nest
 40291 | Spider:4 | Got a gossamer rune of Zot
 40579 | Shoals:1 | Entered Level 1 of the Shoals
 40709 | Shoals:1 | Reached skill level 13 in Fighting
 41802 | Shoals:1 | Noticed a kraken
 41824 | Shoals:1 | Killed a kraken
 42728 | Shoals:2 | Reached XP level 18. HP: 115/152 MP: 24/26
 43760 | Shoals:3 | Noticed Donald
 43783 | Shoals:2 | Killed Donald
 44043 | Shoals:3 | Noticed Ilsuiw
 44076 | Shoals:3 | Killed Ilsuiw
 44442 | Shoals:3 | Noticed Jorgrun
 44443 | Shoals:3 | Noticed Nikola
 44476 | Shoals:3 | Killed Jorgrun
 44477 | Shoals:3 | Reached skill level 15 in Invocations
 44859 | Shoals:3 | Killed Nikola
 45574 | Shoals:3 | Noticed Polyphemus
 45599 | Shoals:3 | Killed Polyphemus
 45983 | Shoals:4 | Entered Level 4 of the Shoals
 47778 | Shoals:4 | Got a barnacled rune of Zot
 48036 | Shoals:4 | Found Ebuazem's Antique Armour Emporium.
 48071 | Shoals:4 | Noticed Bai Suzhen
 48108 | Shoals:3 | Killed Bai Suzhen
 48841 | Vaults:1 | Entered Level 1 of the Vaults
 48919 | Vaults:1 | Gained mutation: Your magical capacity is very low. (-20%
                  | MP) [a cacodemon]
 49038 | Vaults:1 | Reached skill level 14 in Fighting
 49346 | Vaults:1 | Reached XP level 19. HP: 149/161 MP: 22/24
 49361 | Vaults:1 | Found the +27 Lear's hauberk
 52171 | Vaults:2 | Identified the cursed +1 ring mail "Ystruzero" {*Slow
                  | Regen+ Dex+7} (You found it on level 2 of the Vaults)
 52637 | Vaults:2 | Noticed Xtahua
 52645 | Vaults:2 | Killed Xtahua
 53074 | Vaults:2 | Reached skill level 15 in Fighting
 53678 | Vaults:3 | Noticed Margery
 53686 | Vaults:3 | Killed Margery
 53989 | Vaults:3 | Reached XP level 20. HP: 151/174 MP: 22/25
 54559 | Vaults:3 | Found a staircase to the Crypt.
 54559 | Vaults:3 | Found a basalt altar of Yredelemnul.
 54560 | Vaults:3 | Found an ancient bone altar of Kikubaaqudgha.
 55383 | Vaults:4 | Noticed Jory
 55397 | Vaults:4 | Killed Jory
 55398 | Vaults:4 | Reached skill level 16 in Fighting
 56321 | Vaults:4 | Noticed Sojobo
 56878 | Vaults:3 | Killed Sojobo
 57917 | Vaults:4 | Found a runed translucent gate.
 57917 | Vaults:4 | Found an ancient bone altar of Kikubaaqudgha.
 57917 | Vaults:4 | Noticed an ancient lich
 57918 | Vaults:4 | Found a runed translucent gate.
 57918 | Vaults:4 | Noticed HilariousDeathArtist's ghost (adept CeWn)
 57918 | Vaults:4 | Noticed an ancient lich
 57918 | Vaults:4 | Noticed an ancient lich
 57919 | Vaults:4 | Found a runed translucent gate.
 57932 | Vaults:4 | Killed an ancient lich
 57933 | Vaults:4 | Reached skill level 17 in Fighting
 57933 | Vaults:4 | Killed an ancient lich
 57940 | Vaults:4 | Killed an ancient lich
 57952 | Vaults:4 | Killed HilariousDeathArtist's ghost
 57958 | Vaults:4 | Got a warped glass ring
 57959 | Vaults:4 | Identified the ring of Amical {rElec Dex-2 SInv Stlth+}
                  | (You found it on level 4 of the Vaults)
 57966 | Vaults:4 | Got a smouldering helmet
 57967 | Vaults:4 | Identified the +0 helmet of Gybaer Xoarch {Str+3 Dex+4}
                  | (You found it on level 4 of the Vaults)
 58084 | Vaults:4 | Noticed Mara
 58096 | Vaults:4 | Reached skill level 1 in Evocations
 58096 | Vaults:4 | Reached XP level 21. HP: 143/186 MP: 16/27
 58097 | Vaults:4 | Killed Mara
 58487 | Vaults:4 | Found Weinir Nimme's Magic Scroll Shop.
 58491 | Vaults:4 | Bought a scroll of enchant weapon for 150 gold pieces
 58616 | Vaults:5 | Entered Level 5 of the Vaults
 58934 | Elf:1    | Entered Level 1 of the Elven Halls
 59290 | Elf:1    | Identified the Guide on Necromancy
 59821 | Elf:1    | Noticed Louise
 59834 | Elf:1    | Killed Louise
 60375 | Elf:1    | Reached skill level 18 in Fighting
 60448 | Elf:2    | Found Vyexalix's Assorted Antiques.
 60491 | Elf:2    | Bought a scroll of acquirement for 1768 gold pieces
 60491 | Elf:2    | Bought a large copper ring for 170 gold pieces
 60491 | Elf:2    | Bought a faintly glowing dagger for 238 gold pieces
 60491 | Elf:2    | Bought a scroll of identify for 68 gold pieces
 60494 | Elf:2    | Identified the +10 dagger of Might {venom, Dex+6} (You
                  | bought it in a shop on level 2 of the Elven Halls)
 60496 | Elf:2    | Acquired the amulet "Emuqour" {Acrobat rElec rC+ Str-4
                  | Dex+3}
 60995 | Elf:2    | Found a huge runed translucent gate.
 60999 | Elf:2    | Found a huge runed translucent gate.
 61000 | Elf:2    | Found a huge runed translucent gate.
 61001 | Elf:2    | Found a huge runed translucent gate.
 61001 | Elf:2    | Found a huge runed translucent gate.
 62958 | Elf:3    | Entered Level 3 of the Elven Halls
 62963 | Elf:3    | Found Deuffu Obawk's General Store.
 62967 | Elf:3    | Bought a wand of digging (4) for 288 gold pieces
 62967 | Elf:3    | Found Xian Sio's Distillery.
 62974 | Elf:3    | Bought a potion of heal wounds for 105 gold pieces
 62974 | Elf:3    | Bought a potion of heal wounds for 105 gold pieces
 63039 | Elf:3    | Found Liotier's Weapon Emporium.
 64611 | Elf:2    | Reached skill level 5 in Evocations
 64834 | Elf:3    | Reached XP level 22. HP: 197/197 MP: 28/28
 64866 | Elf:3    | Identified the Tome of Transmigration and Stones
 64890 | Elf:3    | Identified Sequtih's Papyrus of Cloudy Dark Rites
 64971 | Elf:3    | Found the +9 heavy crossbow "Sniper" {vorpal, Acc+∞ SInv}
 64995 | Elf:3    | Identified the +2 ring mail "Ilaleroyr" {Rampage Will+
                  | Int+3} (You found it on level 3 of the Elven Halls)
 65852 | Vaults:5 | Reached skill level 19 in Fighting
 66057 | Vaults:5 | Noticed a golden dragon
 66084 | Vaults:4 | Killed a golden dragon
 66860 | Vaults:5 | Noticed an ancient lich
 66885 | Vaults:4 | Killed an ancient lich
 66975 | Vaults:5 | Identified the +6 great sword of Raruamm {holy, +Inv Str+5}
 67389 | Vaults:5 | Noticed a golden dragon
 67661 | Vaults:4 | Killed a golden dragon
 67975 | Vaults:4 | Reached XP level 23. HP: 146/208 MP: 25/29
 68547 | Vaults:4 | Reached skill level 20 in Fighting
 69779 | Vaults:5 | Identified the +2 cloak of Resonance {rElec rPois} (You
                  | found it on level 5 of the Vaults)
 69945 | Vaults:5 | Identified the ring of the Death Scarab {rElec rN+ Slay+5
                  | SInv}
 70194 | Vaults:5 | Reached skill level 15 in Armour
 70401 | Vaults:5 | Got a silver rune of Zot
 71005 | Vaults:5 | Identified the ring "Orchu" {*Tele +Inv Slay+5}
 71695 | Vaults:5 | Identified the +5 scale mail "Heqiva Etice" {Str+4 Dex+3}
 73042 | Crypt:1  | Entered Level 1 of the Crypt
 73195 | Depths:1 | Entered Level 1 of the Depths
 73495 | Depths:1 | Got a bound iron amulet
 73496 | Depths:1 | Identified the amulet "Nuavvuad" {RegenMP rElec rN+} (You
                  | found it on level 1 of the Depths)
 74379 | Depths:1 | Found a gateway to Hell.
 74440 | Depths:1 | Found a runed translucent door.
 74927 | Depths:1 | Got a shimmering pewter ring
 74932 | Depths:1 | Got a brightly glowing amber ring
 74954 | Depths:1 | Identified the ring of Poxkej {rElec rPois rC+ Int+3 Dex+6}
                  | (You found it on level 1 of the Depths)
 74955 | Depths:1 | Identified the ring "Ita Jeog" {rElec rF+ MP+9 Int+3} (You
                  | found it on level 1 of the Depths)
 76053 | Depths:2 | Reached XP level 24. HP: 173/219 MP: 29/29
 76315 | Depths:2 | Reached skill level 21 in Fighting
 78540 | Depths:3 | Reached skill level 10 in Evocations
 78619 | Depths:3 | HP: 10/222 [acid (8)]
 78619 | Depths:3 | HP: 4/222 [+2 dire flail of holy wrath (6)]
 79101 | Depths:3 | Identified the +10 halberd of the Crypt {elec, *Drain rPois
                  | rN+ Str+2}
 79341 | Depths:3 | Identified the +9 quarterstaff of the Magic Mushroom
                  | {venom, rElec rPois rC- Will++} (You found it on level 3 of
                  | the Depths)
 79403 | Depths:3 | Got an iridescent great sword
 79444 | Depths:3 | Got a transparent lapis lazuli ring
 79597 | Depths:3 | Paralysed by a floating eye for 3 turns
 80533 | Depths:3 | Found a one-way gate leading to the halls of Pandemonium.
 80594 | Depths:4 | Found a gateway to a ziggurat.
 81594 | Depths:4 | Found a portal to a secret trove of treasure.
 81603 | Depths:4 | You fall into a shaft and drop 1 floor!
 81603 | Depths:5 | Entered Level 5 of the Depths
 81911 | Depths:4 | Found a one-way gate to the infinite horrors of the Abyss.
 81928 | Depths:4 | Found Qyneoc's Magic Scroll Shop.
 81937 | Depths:4 | Reached skill level 22 in Fighting
 81953 | Depths:4 | Found a sparkling altar of Nemelex Xobeh.
 81978 | Depths:4 | Bought a scroll of enchant armour for 120 gold pieces
 81994 | Depths:4 | Got a translucent lead ring
 82039 | Depths:4 | Bought a scroll of identify for 32 gold pieces
 82039 | Depths:4 | Bought a scroll of identify for 32 gold pieces
 82048 | Depths:4 | Identified the ring "Erghusin" {rPois rC+++ Str+7 Dex-3}
                  | (You found it on level 4 of the Depths)
 82049 | Depths:4 | Identified the ring of Alefuol {rPois rF+ Dex+6} (You found
                  | it on level 3 of the Depths)
 82110 | Depths:4 | Reached XP level 25. HP: 73/230 MP: 29/29
 83659 | Depths:5 | Noticed Boris
 83668 | Depths:5 | Killed Boris
 84748 | Depths:5 | Found a gate to the Realm of Zot.
 85234 | D:8      | Identified a +6 broad axe of holy wrath (a +4 broad axe of
                  | venom blessed by the Shining One)
 85234 | D:8      | Received a gift from the Shining One
 85413 | Hell     | Entered the Vestibule of Hell
 85548 | Hell     | Noticed Geryon
 85610 | Hell     | Noticed Murray
 86223 | Zot:1    | Entered Level 1 of the Realm of Zot
 86237 | Depths:5 | Reached skill level 23 in Fighting
 86751 | Zot:1    | Noticed an orb of fire
 86756 | Zot:1    | Identified the +2 tower shield of Rapaex {rPois Regen+
                  | rCorr}
 86768 | Zot:1    | Killed an orb of fire
 86771 | Zot:1    | Noticed an orb of fire
 86782 | Zot:1    | Killed an orb of fire
 87931 | Zot:1    | Reached XP level 26. HP: 238/243 MP: 30/30
 88351 | Zot:2    | Noticed an orb of fire
 88362 | Zot:2    | Killed from afar by an orb of fire

Illustrated notes

Levels and vault maps discovered:
D:1:      kennysheep_arrival_seaside, layout_loops_ring, minmay_door_square,
          feat_on_display
D:2:      cheibrodos_helix_gallery, layout_basic, nemelex_diamond_rough_becter,
          uniq_natasha, uniq_crazy_yiuf_cottage
D:3:      layout_loops_ring, lemuel_coloured_pillars_altar,
          gammafunk_temple_overflow_wave, fedhas_altar_3, uniq_terence
D:4:      layout_rooms, nicolae_ossuary_entry_giza
D:5:      layout_rooms, temple_fountains
D:6:      layout_rooms, chequers_temple_overflow_statue_of_worship
D:7:      layout_loops_ring
D:8:      layout_cave_pods, david_lair_shrubbed, special_room
          [special_room_orc], uniq_maurice
D:9:      layout_cave_pools, david_orc_4, serial_undead, serial_undead_a,
          serial_undead_a, serial_undead_d, serial_undead_e
D:10:     layout_gridville, serial_shops, nicolae_shop_crystal, shop,
          nicolae_shop_crystal, hex_tiny
D:11:     layout_roguey [special_room_bee]
D:12:     layout_basic, gauntlet_entry_generic, lemuel_tele_altar, uniq_nessos
D:13:     layout_basic, grunt_vaults_entry_tiered,
          portal_ice_cave_entry_pillars_1, minivault_16
D:14:     minmay_the_grid_triangle_9x9_recursive_2
          [minmay_the_grid_triangle_9x9_prize_insulated,
          minmay_the_grid_triangle_9x9_sparse_checkered,
          minmay_the_grid_triangle_9x9_longest,
          minmay_the_grid_triangle_9x9_warning], layout_cave_pods,
          minmay_misc_feat_chi, uniq_agnes
D:15:     grunt_enter_depths_hoard, layout_loops_cross, minmay_misc_feat_x,
          serial_co_window_serial, co_window_paths_a, co_window_paths_a,
          co_window_paths_a, co_window_of_opportunity_a, co_window_cross_1,
          co_window_2corner, co_window_broadway_c, co_window_of_opportunity_b,
          co_window_broadway_c, co_window_of_opportunity_b,
          co_window_of_opportunity_b, glass_columns_a, glass_columns_c,
          minmay_statues_item
Temple:   minmay_crystal_spiral_temple
Lair:1:   layout_loops_ring
Lair:2:   layout_chaotic_city, hellmonk_ghost_happy_afterlife,
          minmay_lindwurm_lava
Lair:3:   layout_chaotic_city, shoals_dummy_entry, spider_nest_entry_rubble,
          grunt_megastairs_3, minmay_lair_oklob_chamber
Lair:4:   layout_cave_shapes
Lair:5:   layout_cave_shapes, serial_rivers, chequers_serial_rivers_micro_d,
          chequers_serial_rivers_micro_b, chequers_serial_rivers_room_a,
          chequers_serial_rivers_large_a, chequers_serial_rivers_micro_a,
          chequers_serial_rivers_small_a, uniq_urug
Lair:6:   minmay_lair_end_frog_pond, layout_misc_corridors, slime_altar_1,
          serial_forest, infiniplex_forest_end_2,
          infiniplex_forest_clump_diagonal, infiniplex_forest_clump_curved,
          infiniplex_forest_split, infiniplex_forest_clump_curved,
          infiniplex_staircase_pool
Shoals:1: layout_shoals, nicolae_shoals_water_elemental_grotto
Shoals:2: layout_shoals, nicolae_shoals_arrival_archipelago
Shoals:3: layout_shoals, uniq_polyphemus, uniq_ilsuiw, uniq_donald, uniq_nikola,
          uniq_jorgrun
Shoals:4: shoals_end_grunt_ice, layout_shoals, serial_shops,
          nicolae_shop_statue_plus, nicolae_shoals_dead_sea_scrolls,
          uniq_bai_suzhen
Spider:1: layout_spider_delve, gammafunk_ghost_grave, uniq_josephine
Spider:2: cheibrodos_spider_deadly_dance, uniq_arachne
Spider:3: layout_spider_delve, guppyfry_spider_mini_3, uniq_kirke
Spider:4: spider_rune_water, nicolae_spider_cling_ruins
Orc:1:    layout_caves, serial_shops, shop, basic_altar
Orc:2:    grunt_orc_gardens, layout_caves, grunt_orc_garden, grunt_orc_garden,
          grunt_orc_garden, grunt_orc_garden, serial_shops, shop,
          uniq_saint_roka, uniq_rupert
Elf:1:    elf_arrival_002, layout_loops_corners, minmay_elf_necromancy,
          nicolae_elf_glass_and_crystal_pillar_2, uniq_louise
Elf:2:    layout_onion_city, serial_shops, shop
Elf:3:    minmay_elf_hall_quartered_circle, layout_geoelf_grid, serial_shops,
          shop, minmay_shoptagon
Vaults:1: ontoclasm_vaults_pinch, nicolae_vaults_branching_niches,
          nicolae_vaults_network_star, vaults_dpeg_ring, ontoclasm_vaults_twist,
          v_misc_1, ontoclasm_vaults_gateway, v_misc_27,
          hangedman_vaults_stretched_pinwheel, v_alt_pattern_6, v_misc_22,
          ontoclasm_vaults_chip, vaults_dpeg_hooks, layout_vaults_big_room
Vaults:2: vaults_mumra_minichess, v_misc_1, v_misc_8, grunt_vaults_bifocal,
          v_misc_22, nicolae_vaults_network_square, nicolae_vaults_theta,
          layout_vaults_omnigrid, uniq_xtahua
Vaults:3: minmay_crypt_entry_necro_gods, vaults_room_hangedman_quadrants,
          v_alt_pattern_4, vaults_dpeg_encased_lava, v_misc_9,
          ontoclasm_vaults_tryst, vaults_mumra_lcd, grunt_vaults_funnel,
          vaults_room_fours, v_misc_5, v_misc_9, v_misc_26, serial_ice_m,
          layout_vaults_omnicross, uniq_margery
Vaults:4: gammafunk_vaults_ghost_crypt, vaults_room_door_hall, st_lattice,
          vaults_room_pools, ontoclasm_vaults_chip, v_misc_3,
          vaults_standard_mumra_x, v_misc_29, hangedman_vaults_locks,
          ontoclasm_vaults_hangar, grunt_vaults_focal,
          nicolae_vaults_hallways_thing, layout_vaults_omnibox, serial_shops,
          nicolae_shop_behind_doors, uniq_jory, uniq_mara, uniq_sojobo
Vaults:5: serial_shops
Crypt:1:  layout_rooms, mu_enter_wizlab_1, grunt_ministairs_3,
          due_unseen_surprise, grunt_crypt_arrival_webbed
Depths:1: layout_honeycomb, pf_hell_entry_tar_spiral, kennysheep_nub,
          grunt_decor_resistance, minmay_crystal_water,
          serial_sigils_hangedman_stare, grunt_ministairs_13, minivault_11,
          chequers_serial_rivers_micro_c, minmay_crystal_box
Depths:2: minmay_open_boxes_in_corner, layout_cave_pools, hell_entry,
          nicolae_lava_and_water
Depths:3: radiant_caverns_b_rkd, hell_entry, pan_entry
Depths:4: minmay_shrinking_squares, layout_gridlike, enter_ziggurat_e,
          old_standard_altar, hell_entry, serial_shops, shop, abyss_entry,
          enter_trove_0, infiniplex_staircase_pool_2, grunt_megastairs_1
Depths:5: evilmike_zot_entry_hall, layout_long_grid, pf_coc_iceberg,
          amcnicky_mini_corridor_feature, uniq_boris
Hell
Zot:1:    layout_cathedral_of_symmetry
Zot:2:    layout_misc_corridors

Skill      XL: |  1  2  3  4  5  6  7  8  9 10 11 12 13 14 15 16 17 18 19 20 21 22 23 24 25 26 |
---------------+-------------------------------------------------------------------------------+-----
Armour         | 3 4 5 6 7 8 9 10 11 12 13 14 15 16 17 | 17.0
Shields        | 3 4 5 6 7 8 9 10 | 10.7
Fighting       | 4 5 6 7 8 9 10 11 12 13 14 15 17 18 19 20 22 23 | 23.4
Axes           | 3 4 6 7 9 10 11 12 13 14 15 17 18 19 20 | 20.0
Dodging        | 1 2 3 4 5 6 7 8 9 |  9.5
Stealth        | 1 2 3 |  3.3
Invocations    | 3 5 7 9 10 11 12 13 14 15 16 17 18 19 20 21 | 21.3
Short Blades   | 2 3 |  3.5
Throwing       | 1 2 3 |  3.6
Evocations     | 1 5 7 9 10 11 12 | 12.0

Action                   |  1- 3 |  4- 6 |  7- 9 | 10-12 | 13-15 | 16-18 | 19-21 | 22-24 | 25-27 || total
-------------------------+-------+-------+-------+-------+-------+-------+-------+-------+-------++-------
Melee: War axe           |    73 |   104 |       |   132 |    14 |       |       |       |       ||   323
       Tailslap          |     9 |    19 |    34 |   114 |   210 |   255 |   238 |   326 |   120 ||  1325
       Scimitar          |     7 |       |       |       |       |       |       |       |       ||     7
       Hand axe          |       |    36 |   298 |   551 |    77 |       |       |       |       ||   962
       Broad axe         |       |       |       |       |   816 |  1427 |  1280 |  1239 |   446 ||  5208
       Short sword       |       |       |       |       |   181 |     4 |       |       |       ||   185
Throw: Dart              |       |       |       |    13 |       |     4 |       |       |       ||    17
       Boomerang         |       |       |       |     3 |    17 |    50 |    11 |    19 |     1 ||   101
Invok: Divine Shield     |       |       |       |     3 |     1 |     1 |     2 |     1 |     1 ||     9
       Cleansing Flame   |       |       |       |       |     8 |     2 |     3 |     6 |     1 ||    20
       Summon Divine War |       |       |       |       |     3 |     2 |     6 |     2 |     2 ||    15
       Brand Weapon With |       |       |       |       |       |       |       |       |     1 ||     1
 Abil: Rolling Charge    |    14 |    19 |    43 |    32 |    71 |    87 |   103 |    74 |    17 ||   460
       Evoke Flight      |       |       |       |     2 |     2 |     5 |       |     6 |       ||    15
Evoke: Phial of floods   |       |       |       |     1 |     1 |       |       |       |       ||     2
       Wand              |       |       |       |       |     4 |     5 |     3 |       |       ||    12
       Lightning rod     |       |       |       |       |     2 |     4 |     3 |       |       ||     9
       Tin of tremorston |       |       |       |       |     1 |     3 |       |       |       ||     4
       Box of beasts     |       |       |       |       |       |       |     2 |       |       ||     2
  Use: Scroll            |     5 |     1 |    12 |     6 |    15 |    14 |    18 |    19 |     7 ||    97
       Potion            |     1 |     3 |     3 |     7 |     3 |     5 |     6 |     4 |     4 ||    36
Armor: Scale mail        |    32 |    32 |    84 |   120 |    81 |       |       |       |       ||   349
       Chain mail        |       |       |       |       |   469 |   893 |       |       |       ||  1362
       Plate armour      |       |       |       |       |       |   310 |   671 |   376 |   267 ||  1624
       Fire dragon scale |       |       |       |       |       |       |       |   326 |       ||   326
Dodge: Dodged            |    25 |    38 |    93 |   218 |   591 |   742 |   300 |   356 |   109 ||  2472
Block: Kite shield       |    41 |    67 |   122 |   511 |   936 |  1369 |   805 |  1089 |   458 ||  5398
       Reflection        |       |       |     1 |    24 |    46 |       |       |    85 |    11 ||   167
       Rpst.: Scimitar   |     1 |       |       |       |       |       |       |       |       ||     1
